AoeStats
← whisperedzen

Arabia

508974392Analyzed
1v1 RM · 7d ago on Sep 24, 2026· 45m 25s· 2 players
Game mode
Random Map
Map size
Tiny (2 player)
Population
200
Speed
Normal
Resources
Standard
Victory
Conquest
Starting age
Dark Age
Ending age
Imperial Age
RankedLock teamsTeams togetherTeam positionsShared explorationLock speedFull tech treeHidden civsTurbo modeCheats
Victory
Defeat
🇺🇾 Khitans · Uruguay
1241
+16
🇺🇾 Wei · Uruguay
1246
-16
whisperedzen
7:46 Loom
9:57 Feudal Age
11:49 Double-Bit Axe
15:14 Fletching
15:36 Forging
21:18 Castle Age
19:45 Scale Barding Armor
19:36 Gold Mining
19:32 Domestication
22:40 Chain Barding Armor
23:18 Bow Saw
26:18 Iron Casting
26:49 Wheelbarrow
29:47 Stone Mining
40:54 Imperial Age
39:41 Pastoralism
39:05 Light Cavalry
39:45 Husbandry
41:35 Hand Cart
41:07 Town Watch
42:18 Plate Barding Armor
41:29 Hussar
43:00 Fletching
44:22 Conscription
44:38 Ordo Cavalry
Antra
7:27 Loom
10:45 Feudal Age
11:53 Double-Bit Axe
23:22 Castle Age
22:01 Horse Collar
24:02 Fletching
24:57 Bodkin Arrow
26:16 Bow Saw
26:51 Gold Mining
27:16 Padded Archer Armor
29:01 Bloodlines
28:51 Husbandry
29:31 Stone Mining
31:10 Ballistics
31:23 Leather Archer Armor
32:41 Town Watch
33:35 Wheelbarrow
37:29 Light Cavalry
39:13 Scale Barding Armor
39:18 Forging
42:01 Imperial Age
41:34 Murder Holes
42:01 Masonry
41:53 Murder Holes
43:12 Conscription
44:04 Bracer
45:12 Chemistry
Connection lost

Rejoining the realm…

Still unreachable

The connection could not be restored.

Session expired

The server has moved on; the page needs a fresh start.